 Dungeon Crawl Stone Soup version 0.28-a0-969-g2dcde036d2 (webtiles) character file.

Game seed: 13949382145785092723

122 HessuHobo the Skirmisher (level 4, -1/45 HPs)
             Began as a Troll Fighter on Dec 1, 2021.
             Slain by Grinder (4 damage)
             ... on level 4 of the Dungeon.
             The game lasted 00:03:40 (3078 turns).

HessuHobo the Skirmisher (Troll Fighter)            Turns: 3078, Time: 00:03:41

Health: -1/45      AC:  4    Str: 26    XL:     4   Next: 78%
Magic:  3/3        EV: 10    Int:  4    God:
Gold:   174        SH:  0    Dex:  9    Spells: 3/3 levels left

rFire   . . .      SeeInvis .   r - +0 giant club
rCold   . . .      Faith    .   (shield currently unavailable)
rNeg    . . .      Spirit   .   b - +0 robe
rPois   .          Reflect  .   (helmet restricted)
rElec   .          Harm     .   (no cloak)
rCorr   .          Rampage  .   (gloves unavailable)
Will    .....                   (boots unavailable)
Stlth   +.........              (no amulet)
HPRegen 0.95/turn               (no ring)
MPRegen 0.08/turn               (no ring)

@: mighty
A: large, unfitting armour, claws 3, regeneration 1, shaggy fur 1, tough skin 1
a: no special abilities


You were on level 4 of the Dungeon.
You visited 1 branch of the dungeon, and saw 5 of its levels.

You collected 174 gold pieces.

Inventory:

Hand Weapons
 a - a +0 flail
 r - a +0 giant club (weapon)
Missiles
 l - 120 stones (quivered)
Armour
 b - a +0 robe (worn)
 c - a +0 kite shield
Scrolls
 e - a scroll of holy word {unknown}
 i - 2 scrolls of identify {unknown}
 k - a scroll of vulnerability {unknown}
 m - 2 scrolls of fog {unknown}
 n - 4 scrolls of teleportation {unknown}
 p - a scroll of blinking {unknown}
Potions
 f - a potion of heal wounds {unknown}
 g - 2 potions of ambrosia {unknown}
 h - a potion of cancellation {unknown}
 j - 2 potions of mutation {unknown}
 o - 2 potions of lignification {unknown}
 q - a potion of flight {unknown}
 s - 3 potions of curing {unknown}


   Skills:
 + Level 3.3 Fighting
 + Level 3.0 Maces & Flails
 + Level 3.2 Dodging
 - Level 2.4 Shields


You had 3 spell levels left.
You didn't know any spells.
Your spell library contained the following spells:

 Spells                   Type           Power      Damage    Failure   Level
 Slow                     Hex            0%         N/A       50%         1
 Summon Small Mammal      Summ           0%         N/A       50%         1
 Call Canine Familiar     Summ           0%         N/A       86%         3
 Confusing Touch          Hex            0%         N/A       86%         3
 Summon Guardian Golem    Hex/Summ       0%         N/A       86%         3
 Yara's Violent Unravell  Hex/Tmut       0%         3d3       100%        5


Dungeon Overview and Level Annotations

Branches:
Dungeon (5/15)
 Temple: D:4-7

Altars:

Annotations:
D:4 Grinder


Innate Abilities, Weirdness & Mutations

You are too large for most types of armour.
You have claws for hands.
Your natural rate of healing is unusually fast.
You are covered in fur. (AC +1)
You have tough skin. (AC +1)


Message History

Grinder hits you.
You writhe in agony.
You sock Grinder!
Grinder is heavily wounded.
Grinder closely misses you. Grinder misses you.
You completely miss Grinder.
Grinder is heavily wounded.
Grinder closely misses you.
You closely miss Grinder.
Grinder is heavily wounded.
Grinder gestures at you. You resist with significant effort.
Grinder hits you but does no damage.
You barely miss Grinder.
Grinder is heavily wounded.
Grinder barely misses you.
You closely miss Grinder.
Grinder is heavily wounded.
Grinder closely misses you.
You closely miss Grinder.
Grinder is heavily wounded.
Grinder barely misses you. Grinder gestures at you.
Pain shoots through your body!
You closely miss Grinder.
Grinder is heavily wounded.
Grinder hits you!
You writhe in agony.
You closely miss Grinder.
Grinder is heavily wounded.
Grinder barely misses you. Grinder closely misses you.
You barely miss Grinder.
Grinder is heavily wounded.
Grinder says, "Don't move a muscle."
Grinder gestures at you. Pain shoots through your body!
* * * LOW HITPOINT WARNING * * *
You hit Grinder.
Grinder is heavily wounded.
Grinder hits you!
* * * LOW HITPOINT WARNING * * *
Grinder hits you.
You die...

.. #..# ...# ##### #..#
###...## ### ##..#
##....... #...###
##...###........
#....###...# #.........
#?###5@....###.........
###...###..........
###..##..........
##.[#..........
##....[.......
##.........##
##......### #..##### ##
##..######.


You could see Grinder.

Vanquished Creatures
  An orc priest (D:4)
  An adder (D:2)
  A worm (D:3)
  4 dart slugs
  7 orcs
  A bat (D:3)
  3 endoplasms
  A giant cockroach (D:3)
  9 goblins
  7 hobgoblins
  A jackal (D:1)
  10 kobolds
  3 quokkas (D:1)
  4 ball pythons
  2 frilled lizards (D:1)
  6 rats
61 creatures vanquished.

Notes
Turn   | Place    | Note
-------+----------+-------------------------------------------
     0 | D:1      | HessuHobo the Troll Fighter began the quest for the Orb.
     0 | D:1      | Reached XP level 1. HP: 22/22 MP: 0/0
   245 | D:1      | Reached XP level 2. HP: 29/29 MP: 1/1
   436 | D:1      | Reached XP level 3. HP: 36/36 MP: 2/2
  2072 | D:3      | Reached XP level 4. HP: 45/45 MP: 3/3
  2521 | D:3      | Found a faded altar of an unknown god.
  2729 | D:5      | Entered Level 5 of the Dungeon
  2729 | D:5      | Noticed a lemure
  2729 | D:5      | Noticed a lemure
  3060 | D:4      | Noticed Grinder
  3062 | D:4      | Paralysed by Grinder for 5 turns
  3078 | D:4      | Slain by Grinder

Illustrated notes

Levels and vault maps discovered:
D:1:      ebering_hopf_link, layout_basic, st_stairs_4, minmay_nonomino_d4
D:2:      layout_loops_corners
D:3:      layout_loops_cross, chequers_ecumenical_altar_twisty
D:4:      layout_cave_pods, minmay_temple_entry_glassed_door, uniq_grinder
D:5:      layout_basic, serial_shops, shop, uniq_pikel

Skill      XL: |  1  2  3  4 |
---------------+-------------+-----
Maces & Flails | 2 3 |  3.0
Fighting       | 3 |  3.3
Dodging        | 3 |  3.2
Shields        | |  2.4

Action                   |  1- 3 |  4- 6 || total
-------------------------+-------+-------++-------
Melee: Flail             |   123 |    18 ||   141
       Giant club        |       |    30 ||    30
Throw: Stone             |     6 |       ||     6
  Use: Potion            |       |     1 ||     1
Armor: Robe              |    44 |    11 ||    55
Dodge: Dodged            |    43 |    23 ||    66
Block: Kite shield       |    51 |     8 ||    59

Table legend: (Time is in decaauts)
 A = Elapsed time spent in this place.
 B = Non-inter-level travel time spent in this place.
 C = Inter-level travel time spent in this place.
 D = Time resting spent in this place.
 E = Time spent auto-exploring this place.
 F = Levels seen in this place.
 G = Mean time per level.
                   A        B        C        D        E       F      G
               +--------+--------+--------+--------+--------+-----+--------+
         Total |   3163 |   3074 |     89 |    549 |   1905 |   5 |  632.6 |
       Dungeon |   3163 |   3074 |     89 |    549 |   1905 |   5 |  632.6 |
               +--------+--------+--------+--------+--------+-----+--------+

Top non-repeatable levels by time:
     D:2: 1051 daAuts
     D:1: 862 daAuts
     D:3: 712 daAuts
     D:4: 534 daAuts
     D:5: 1 daAuts
